Map: Disco Bloodbath LE

Players

Hidra

  • Race: Zerg Zerg
  • League: Master
  • Spawn Location: 9:00

SixNine - Winner!

  • Race: Terran Terran
  • League: Diamond
  • Spawn Location: 3:00

VOD

Have the link to the VOD?

Description

Time

  • Played on: Nov. 19, 2019, 9:50 a.m.
  • Length: 17:18
Show
View Real Time Build Order
Export as new Build Order

Hidra Zerg 

Build Orders: Hatch First, Brood Lord Corruptor 

Get SALT Encoding   

  12  0:00  Drone  
  13  0:12  Overlord  
  13  0:17  Drone  
  14  0:31  Drone x2  
  16  0:52  Hatchery  
  16  0:55  Drone  
  16  0:58  Drone  
  16  0:59  Extractor  
  16  1:13  Spawning Pool  
  15  1:19  Drone  
  15  1:20  Drone  
  15  1:22  Drone  
  18  1:31  Overlord  
  18  1:41  Drone  
  19  1:59  Queen  
  21  2:04  Queen  
  21  2:05  Metabolic Boost  
  21  2:08  Zergling x2  
  24  2:14  Zergling x2  
  24  2:15  Drone  
  26  2:18  Drone  
  26  2:21  Drone  
  28  2:27  Overlord  
  28  2:31  Drone  
  29  2:42  Queen  
  31  2:47  Queen  
  31  2:48  Drone  
  31  2:50  Drone  
  35  3:12  Extractor  
  35  3:16  Hatchery  
  34  3:21  Drone x2  
  34  3:22  Drone  
  34  3:24  Drone x4  
  41  3:29  Queen  
  43  3:38  Lair  
  43  3:40  Overlord  
  43  3:51  Drone  
  44  4:02  Overlord  
  44  4:03  Overlord  
  44  4:05  Drone x4  
  44  4:06  Zergling x6  
  51  4:18  Extractor  
  51  4:19  Extractor, Drone  
  51  4:20  Drone  
  51  4:26  Drone x2  
  51  4:29  Queen  
  51  4:30  Drone  
  56  4:42  Evolution Chamber, Baneling Nest  
  56  4:43  Evolution Chamber  
  56  4:44  Drone x4  
  56  4:45  Drone  
  58  4:52  Queen  
  58  4:56  Drone x4  
  58  4:57  Hydralisk Den, Drone  
  64  5:13  Drone x3  
  64  5:14  Drone x3  
  70  5:18  Overlord x2  
  70  5:22  Zerg Missile Weapons Level 1  
  70  5:23  Zerg Ground Armor Level 1  
  71  5:28  Drone x2  
  71  5:29  Extractor, Drone  
  72  5:36  Centrifical Hooks  
  72  5:38  Baneling  
  72  5:39  Zergling x6  
  72  5:40  Zergling x2  
  72  5:41  Zergling x2  
  77  6:01  Drone x2  
  77  6:02  Drone x3  
  77  6:03  Extractor, Overlord x3  
  81  6:05  Extractor  
  81  6:09  Baneling x5  
  80  6:23  Muscular Augments  
  80  6:25  Zergling x8  
  84  6:33  Spine Crawler  
  77  6:58  Zergling x10  
  77  6:59  Drone, Zergling x8  
  77  7:00  Drone  
  77  7:01  Drone  
  88  7:02  Drone x3  
  91  7:14  Hydralisk  
  91  7:15  Hatchery, Hydralisk x7  
  105  7:19  Overlord  
  105  7:20  Overlord x2  
  106  7:25  Baneling  
  106  7:26  Baneling x11, Hatchery  
  106  7:27  Baneling  
  105  7:34  Zerg Missile Weapons Level 2  
  105  7:37  Zerg Ground Armor Level 2  
  105  7:40  Drone  
  105  7:41  Drone x4  
  109  7:55  Hydralisk x4  
  109  7:56  Hydralisk x2  
  121  8:01  Drone x3  
  121  8:02  Drone x2  
  126  8:11  Drone  
  126  8:12  Infestation Pit, Drone x3  
  129  8:13  Overlord  
  129  8:14  Overlord  
  129  8:35  Zergling x14  
  136  8:52  Queen  
  124  9:07  Hydralisk x3  
  124  9:09  Hatchery  
  129  9:15  Spore Crawler  
  128  9:19  Spore Crawler  
  127  9:25  Hive  
  127  9:32  Hydralisk x4  
  127  9:33  Hydralisk  
  127  9:34  Hydralisk x5  
  127  9:36  Drone x2  
  127  9:37  Extractor, Queen  
  127  9:38  Extractor  
  148  9:55  Drone  
  149  10:03  Drone  
  149  10:04  Drone x2  
  149  10:06  Spore Crawler  
  151  10:14  Drone  
  151  10:15  Overlord x2  
  152  10:21  Drone  
  152  10:22  Spire, Drone x5  
  157  10:48  Baneling x5  
  157  10:49  Baneling x6  
  157  10:56  Hatchery  
  154  10:59  Zergling x2  
  154  11:00  Zergling x38  
  164  11:24  Baneling x9  
  164  11:25  Baneling x8  
  162  11:28  Hydralisk  
  162  11:29  Hydralisk x7  
  162  11:30  Zergling x6  
  161  11:37  Greater Spire  
  161  11:42  Zergling x14  
  168  11:50  Baneling  
  168  11:51  Baneling, Hydralisk x2  
  168  11:52  Overlord x2  
  172  12:04  Adrenal Glands  
  170  12:16  Baneling  
  170  12:17  Baneling x3  
  170  12:20  Zergling x32  
  170  12:21  Zergling x4  
  150  12:42  Hydralisk x3  
  150  12:43  Hydralisk x14  
  168  12:50  Zerg Missile Weapons Level 3, Zerg Ground Armor Level 3  
  168  12:51  Grooved Spines  
  168  12:52  Drone x3  
  171  13:04  Baneling x5  
  137  13:20  Zergling x36  
  155  13:32  Corruptor x5  
  155  13:33  Corruptor x4  
  173  13:41  Queen  
  175  13:43  Baneling x11  
  175  13:57  Extractor  
  175  14:00  Extractor  
  175  14:01  Zergling x8  
  175  14:02  Zergling x4  
  169  14:08  Brood Lord x2  
  169  14:09  Brood Lord  
  175  14:10  Brood Lord x2  
  175  14:13  Brood Lord  
  175  14:16  Brood Lord  
  183  14:22  Drone x2  
  183  14:23  Drone x2  
  187  14:37  Baneling x2, Spore Crawler  
  188  14:38  Spore Crawler, Brood Lord x2  
  188  14:39  Corruptor  
  188  14:41  Overlord  
  184  14:57  Zergling x2  
  184  14:58  Zergling x28  
  186  15:12  Zergling x24  
  178  15:23  Zergling x18  
  177  15:34  Corruptor, Hydralisk  
  177  15:35  Corruptor  
  169  15:36  Corruptor  
  169  15:42  Baneling  
  143  15:43  Baneling x2  
  143  15:44  Baneling x9  
  143  15:46  Zergling x4  
  131  16:03  Corruptor x4  
  127  16:16  Hydralisk x5  
  127  16:43  Zergling x26  
  138  16:50  Hydralisk x2  
  138  16:51  Zergling x12, Hydralisk  
Show
View Real Time Build Order
Export as new Build Order

SixNine Terran - Winner!

Build Orders:  

Get SALT Encoding   

  12  0:01  SCV  
  13  0:13  SCV  
  14  0:17  Supply Depot  
  14  0:25  SCV  
  14  0:28  Refinery  
  15  0:38  SCV  
  16  0:45  Barracks  
  16  0:50  SCV  
  17  1:02  SCV  
  18  1:14  SCV  
  20  1:35  Reaper  
  20  1:36  Orbital Command  
  20  1:47  Command Center  
  20  1:59  Supply Depot  
  20  2:02  SCV  
  20  2:06  Marine  
  22  2:14  SCV  
  23  2:16  Refinery  
  23  2:22  Factory  
  23  2:28  SCV  
  24  2:30  Barracks Reactor  
  24  2:40  SCV  
  24  2:52  SCV  
  25  2:59  Orbital Command  
  25  3:01  Supply Depot  
  25  3:04  SCV  
  26  3:17  SCV  
  27  3:23  Starport  
  27  3:29  SCV  
  27  3:30  Supply Depot, SCV  
  31  3:34  Hellion x2  
  33  3:41  SCV, Barracks Tech Lab  
  33  3:43  SCV  
  35  3:53  SCV  
  35  3:55  SCV  
  36  4:04  Command Center  
  36  4:05  SCV  
  36  4:09  Hellion  
  39  4:11  Hellion  
  39  4:17  SCV x2  
  43  4:24  Supply Depot  
  43  4:29  SCV  
  43  4:30  SCV  
  45  4:32  Viking  
  45  4:33  Marine  
  45  4:36  Hellion  
  52  4:38  Hellion  
  52  4:41  SCV  
  52  4:42  SCV  
  54  4:53  SCV, Marine, Refinery  
  54  4:54  SCV, Stimpack, Refinery  
  57  5:10  Factory Reactor  
  57  5:11  Starport Reactor  
  57  5:13  Barracks  
  57  5:14  Barracks  
  57  5:17  Orbital Command  
  57  5:22  SCV x2  
  57  5:28  Engineering Bay x2  
  59  5:35  Barracks  
  59  5:37  Barracks, SCV x2  
  61  5:48  SCV  
  61  5:49  SCV x2  
  64  5:55  Medivac x2  
  68  6:00  SCV  
  68  6:01  SCV x2  
  71  6:04  Terran Infantry Weapons Level 1  
  71  6:05  Terran Infantry Armor Level 1  
  71  6:06  Factory Tech Lab  
  71  6:10  Supply Depot  
  71  6:14  Supply Depot  
  71  6:15  Orbital Command  
  71  6:21  Marine x3  
  74  6:26  SCV x2  
  76  6:38  SCV  
  73  6:58  SCV x3  
  73  6:59  Marine x7  
  73  7:00  Siege Tank  
  73  7:01  Medivac x2  
  86  7:08  Refinery  
  86  7:10  SCV, Refinery  
  87  7:15  Combat Shield  
  87  7:16  Marine  
  87  7:17  SCV x2, Marine x3  
  87  7:22  SCV  
  95  7:25  Barracks Reactor  
  95  7:26  Barracks Reactor  
  95  7:28  Marine  
  95  7:29  SCV x2  
  97  7:34  SCV, Marine  
  97  7:35  Supply Depot, Marine  
  97  7:36  Supply Depot  
  100  7:40  Factory  
  100  7:43  Siege Tank, Medivac x2  
  107  7:50  SCV x3  
  110  7:56  Marine x4  
  114  8:02  Supply Depot, SCV x3  
  114  8:03  Supply Depot  
  115  8:07  Liberator  
  115  8:09  Liberator  
  115  8:11  Marine x5  
  120  8:15  SCV x2  
  122  8:22  Command Center  
  128  8:30  Factory Tech Lab  
  128  8:34  Marine x5  
  128  8:35  Marine  
  128  8:40  Armory  
  134  8:44  Marine x3  
  133  8:56  Marine x6  
  133  8:57  Siege Tank x2  
  138  9:05  Marine x2  
  138  9:08  SCV x3  
  143  9:17  Marine x4, Liberator x2  
  143  9:18  Marine  
  143  9:20  SCV  
  149  9:30  Supply Depot  
  149  9:31  Supply Depot  
  149  9:34  Siege Tank x2  
  161  9:51  Refinery  
  161  9:52  Bunker, Refinery  
  161  9:53  SCV x3  
  161  9:58  Supply Depot  
  161  9:59  Supply Depot x2  
  164  10:02  Supply Depot, Marine x3  
  164  10:03  Marine x3  
  164  10:06  Planetary Fortress  
  159  10:14  Liberator  
  157  10:24  Supply Depot  
  157  10:26  Supply Depot  
  157  10:29  Marine x9  
  157  10:30  Concussive Shells  
  169  10:47  Marine x2  
  164  11:02  Marine x7  
  164  11:03  Siege Tank x2  
  155  11:05  Marine x2  
  156  11:15  Barracks x2  
  156  11:16  Liberator x2  
  154  11:19  Marine  
  154  11:20  SCV x4, Marine  
  156  11:32  SCV x3, Marine x6  
  145  11:33  SCV  
  145  11:35  Siege Tank, Terran Infantry Armor Level 2, Terran Infantry Weapons Level 2  
  145  11:37  Starport  
  145  11:38  Starport, Terran Ship Weapons Level 1  
  157  11:41  Armory  
  157  11:55  SCV  
  157  11:56  SCV x3  
  157  11:57  Marine x4  
  157  11:58  Marine x3  
  168  12:08  SCV x4  
  170  12:12  Marine x4  
  170  12:14  Siege Tank x2  
  170  12:15  Marine  
  181  12:20  SCV x4  
  185  12:26  Liberator x2  
  185  12:31  Marauder  
  161  12:41  Marine x7  
  148  12:46  Siege Tank x2  
  154  12:52  Marauder  
  154  12:58  Medivac x2  
  160  13:11  Liberator x2  
  148  13:14  Marauder  
  139  13:20  Marine x2  
  139  13:21  Marine x6  
  139  13:23  Siege Tank x2  
  139  13:26  Barracks Tech Lab, Medivac x2  
  157  13:27  Barracks Tech Lab  
  163  13:35  Marauder  
  163  13:37  SCV x2  
  163  13:38  Liberator  
  163  13:39  Marine x3  
  163  13:40  Marine x5  
  175  13:41  Command Center  
  175  13:43  Terran Vehicle And Ship Armor Level 1  
  175  13:44  Terran Ship Weapons Level 2  
  175  13:49  Liberator  
  175  13:54  Liberator x2  
  175  13:56  Marauder  
  175  13:57  Marine  
  175  14:00  Marine x9  
  175  14:15  Marine  
  182  14:17  Marine  
  182  14:18  Marine x3  
  182  14:23  Marine x3  
  193  14:24  Marauder x2  
  193  14:25  Siege Tank x2  
  193  14:28  Fusion Core  
  193  14:31  Marine  
  197  14:56  Marine x11  
  197  14:57  Siege Tank  
  188  15:13  Marine  
  188  15:14  Marine x5  
  186  15:21  Marine x5  
  183  15:22  Siege Tank  
  183  15:26  Liberator x4  
  180  15:29  Siege Tank  
  180  15:31  Marine x5  
  180  15:32  Marine  
  186  15:38  Marine  
  186  15:39  Marine  
  176  15:43  Marine  
  176  15:44  Marine x2  
  176  15:49  Marine x6  
  196  15:56  Marine x2  
  180  16:01  Siege Tank x2, Marine x3  
  175  16:07  Marine x4  
  175  16:09  Liberator x3  
  179  16:17  Marine x4  
  182  16:19  Marine x3  
  182  16:25  Marine x4  
  182  16:26  Viking  
  185  16:34  Marine  
  176  16:41  Siege Tank x2  
  177  16:54  Marine x3  
  177  16:55  Marine x8  
Tags
 
Add a new tag
Caveats
  • Supply blocks, unpowered buildings, or Contaminate may cause inaccurate times.
  • Supply counts are checked every 10 seconds.